 Dungeon Crawl Stone Soup version 0.22-a0-880-gb7b0c8b (webtiles) character file.

264 Kuinu the Grasshopper (level 5, -3/46 HPs)
             Began as a Draconian Warper on July 30, 2018.
             Was an Initiate of Okawaru.
             Slain by a gnoll
             ... wielding a +0 spear
              (7 damage)
             ... on level 3 of the Dungeon.
             The game lasted 00:05:58 (2970 turns).

Kuinu the Grasshopper (Draconian Warper)            Turns: 2970, Time: 00:05:59

Health: -3/46      AC:  5    Str: 14    XL:     5   Next: 98%
Magic:  6/8        EV: 13    Int: 13    God:    Okawaru [......]
Gold:   144        SH:  0    Dex: 14    Spells: 5/9 levels left

rFire    . . .     SeeInvis .   a - +0 falchion
rCold    . . .     Gourm    .   (no shield)
rNeg     . . .     Faith    .   (armour unavailable)
rPois    .         Spirit   .   (helmet restricted)
rElec    .         Reflect  .   (no cloak)
rCorr    .         Harm     .   (no gloves)
MR       +....                  (no boots)
Stlth    +.........             (no amulet)
HPRegen  0.15/turn              l - ring of protection from magic
MPRegen  0.11/turn              o - +3 ring of dexterity

@: very slightly contaminated
A: unfitting armour, cold-blooded, AC +5
a: Renounce Religion


You were on level 3 of the Dungeon.
You worshipped Okawaru.
Okawaru was noncommittal.
You were not hungry.

You visited 1 branch of the dungeon, and saw 3 of its levels.

You collected 144 gold pieces.

Inventory:

Hand Weapons
 a - a +0 falchion (weapon)
Missiles
 d - 5 tomahawks of dispersal (quivered)
Jewellery
 l - a ring of protection from magic (left hand)
 o - a +3 ring of dexterity (right hand)
Scrolls
 h - a scroll of remove curse
 i - a scroll of teleportation
 k - 2 scrolls of magic mapping
 n - a scroll of immolation {unknown}
 p - 2 scrolls of fear {unknown}
 r - a scroll of enchant armour {unknown}
 t - a scroll of fog {unknown}
Potions
 b - a potion of resistance {unknown}
 e - a potion of brilliance {unknown}
 j - 2 potions of might
 m - a potion of curing {unknown}
 q - a potion of flight {unknown}
 s - a potion of haste
Comestibles
 c - a chunk of flesh
 f - 6 rations


   Skills:
 * Level 4.1 Fighting
 * Level 3.5 Long Blades
 - Level 0.8 Throwing
 + Level 2.8 Dodging
 + Level 2.6 Spellcasting
 * Level 4.1 Translocations


You had 5 spell levels left.
You knew the following spells:

 Your Spells              Type           Power        Failure   Level  Hunger
a - Shroud of Golubria    Chrm/Tloc      #.........   16%         2    ###....
b - Blink                 Tloc           N/A          7%          2    ###....

Your spell library contained the following spells:

 Spells                   Type           Power        Failure   Level  Hunger
 Teleport Other           Tloc           ##......     13%         3    ###....
 Passage of Golubria      Tloc           N/A          41%         4    #####..
 Gell's Gravitas          Tloc           ##........   13%         3    ###....
 Lesser Beckoning         Tloc           ##........   13%         3    ###....


Dungeon Overview and Level Annotations

Branches:
Dungeon (3/15)

Altars:
Kikubaaqudgha
Nemelex Xobeh
Okawaru
Trog
Uskayaw


Innate Abilities, Weirdness & Mutations

Your plain brown scales are hard. (AC +5)
You cannot fit into any form of body armour.
You are cold-blooded and may be slowed by cold attacks.


Message History

You are very lightly contaminated with residual magic.
You spin around.
The gnoll shouts!
The gnoll hits you with a spear.
You hit the gnoll.
The gnoll is moderately wounded.
The gnoll barely misses you.
You barely miss the gnoll.
The gnoll is moderately wounded.
The gnoll hits you with a spear!
* * * LOW HITPOINT WARNING * * *
The gnoll hits you with a spear!
* * * LOW HITPOINT WARNING * * *
You hit the gnoll.
The gnoll is heavily wounded.
The gnoll closely misses you.
You closely miss the gnoll.
The gnoll is heavily wounded.
The gnoll hits you with a spear!
You die...

♣.♣ #g.# ♣.♣ #.##
♣.♣ #.# ♣.♣ ##.#
♣♣.♣ #..# ♣♣.♣♣
#.## ♣.♣♣ ##)#
########.#####g.#
.............@.##
################


You could see a gnoll.

Vanquished Creatures
  A bullfrog (D:3)
  Jessica (D:3)
  Natasha (twice) (D:2 D:3)
  4 adders (D:2)
  2 gnolls (D:3)
  3 dart slugs
  A ball python (D:1)
  6 bats
  2 giant cockroaches (D:1)
  5 goblins
  7 hobgoblins
  5 jackals (D:1)
  3 quokkas
  6 frilled lizards
  6 kobolds
  8 rats
62 creatures vanquished.

Notes
Turn   | Place    | Note
-------+----------+-------------------------------------------
     0 | D:1      | Kuinu the Draconian Warper began the quest for the Orb.
     0 | D:1      | Reached XP level 1. HP: 17/17 MP: 3/3
   291 | D:1      | Reached XP level 2. HP: 20/25 MP: 5/5
   295 | D:1      | Learned a level 2 spell: Shroud of Golubria
   298 | D:1      | Learned a level 2 spell: Blink
  1031 | D:1      | Reached XP level 3. HP: 26/30 MP: 6/6
  1396 | D:2      | Reached XP level 4. HP: 35/38 MP: 7/7
  1491 | D:2      | Found a hide-covered altar of Uskayaw.
  1496 | D:2      | Found a bloodstained altar of Trog.
  1496 | D:2      | Found an iron altar of Okawaru.
  1503 | D:2      | Became a worshipper of Warmaster Okawaru
  1516 | D:2      | Found an ancient bone altar of Kikubaaqudgha.
  1520 | D:2      | Found a sparkling altar of Nemelex Xobeh.
  1693 | D:2      | Noticed Natasha
  2133 | D:2      | Killed Natasha
  2586 | D:3      | Noticed Jessica
  2597 | D:3      | Killed Jessica
  2597 | D:3      | Reached XP level 5. HP: 42/45 MP: 6/8
  2790 | D:3      | Noticed Natasha
  2818 | D:3      | Killed Natasha
  2824 | D:3      | HP: 2/46 [gnoll/quarterstaff of crushing (2)]
  2970 | D:3      | Slain by a gnoll

Vault maps used:
D:1:      dpeg_arrival_prison, roderic_cross_of_infinity
D:2:      minmay_overflow_temple_star_hex, first_ration,
          kennysheep_generic_room_12, uniq_natasha
D:3:      kb_forest_paths, grunt_ministairs_1, minivault_23, uniq_jessica

Skill      XL: |  1  2  3  4  5 |
---------------+----------------+-----
Fighting       | 3 4 |  4.1
Long Blades    | 3 |  3.5
Translocations | 4 |  4.1
Throwing       | |  0.8
Dodging        | |  2.8
Spellcasting   | |  2.6

Action                   |  1- 3 |  4- 6 || total
-------------------------+-------+-------++-------
Melee: Falchion          |    91 |    98 ||   189
       Tailslap          |    11 |    16 ||    27
 Cast: Shroud of Golubri |     1 |     8 ||     9
       Blink             |       |     1 ||     1
  Use: Scroll            |       |     4 ||     4
  Eat: Chunk             |     2 |     2 ||     4
       Ration            |       |     1 ||     1
Armor: Skin              |    30 |    22 ||    52
Dodge: Dodged            |    68 |    71 ||   139
       Rpst.: Falchion   |    23 |    25 ||    48

Table legend:
 A = Spawn XP
 B = Non-spawn XP
 C = Spawn XP percentage of total XP
 D = Spawn monster count
 E = Non-spawn monster count
 F = Spawn count percentage of total count
 G = Total turns spent on level
                    A         B        C        D         E        F      G
               +---------+---------+-------+---------+---------+-------+---------
         Total |       0 |     378 |   0.0 |       0 |      62 |   0.0 |  2970
               +---------+---------+-------+---------+---------+-------+---------
           D:1 |       0 |      43 |   0.0 |       0 |      23 |   0.0 |  1123
           D:2 |       0 |     123 |   0.0 |       0 |      26 |   0.0 |  1443
           D:3 |       0 |     212 |   0.0 |       0 |      13 |   0.0 |   404
               +---------+---------+-------+---------+---------+-------+---------
